 Dungeon Crawl Stone Soup version 0.30-a0-939-gc8157cb160 (webtiles) character file.

Game seed: 8972359613157026198

190174 Jeffwins the Skirmisher (level 18, -3/131 HPs)
             Began as a Human Wanderer on Mar 25, 2023.
             Was the Champion of Vehumet.
             Slain by a vampire knight
             ... wielding a +3 battleaxe
              (27 damage)
             ... while paralysed by a vampire knight
             ... on level 2 of the Vaults on Mar 26, 2023.
             The game lasted 01:39:32 (42258 turns).

Jeffwins the Skirmisher (Human Wanderer)           Turns: 42258, Time: 01:39:33

Health: -3/131     AC: 13    Str:  8    XL:     18   Next: 82%
Magic:  28/31      EV:  2    Int: 22    God:    Vehumet [******]
Gold:   1198       SH:  0    Dex: 32    Spells: 0/35 levels left

rFire   . . .      SeeInvis .    b - +12 arbalest of the Briny Deep {penet, Int-3 Dex+4}
rCold   . . .      Faith    +    (shield currently unavailable)
rNeg    . . .      Spirit   .    S - +3 troll leather armour {Snorg}
rPois   .          Reflect  .    u - +2 hat of Fanaticism {Dex+3}
rElec   .          Rampage  .    T - scarf {repulsion}
rCorr   .                        h - +0 pair of gloves
Will    +....                    c - +2 pair of boots
Stlth   +++++                    H - amulet of faith {!P}
HPRegen 1.21/turn                I - +6 ring of intelligence
MPRegen 0.22/turn                X - +6 ring of dexterity

@: paralysed, repel missiles
A: no striking features
}: 1/15 runes: barnacled
a: Renounce Religion


You were on level 2 of the Vaults.
You worshipped Vehumet.
Vehumet was exalted by your worship.
You visited 7 branches of the dungeon, and saw 30 of its levels.

You collected 4015 gold pieces.
You spent 2817 gold pieces at shops.


   Skills:
 + Level 8.6 Fighting
 + Level 7.6(7.8) Short Blades
 - Level 2.0(5.2) Long Blades
 * Level 13.0 Ranged Weapons
 - Level 6.0 Throwing
 + Level 3.5 Armour
 + Level 4.2 Dodging
 + Level 9.0 Stealth
 + Level 7.0 Shields
 * Level 9.3 Spellcasting
 + Level 4.5 Conjurations
 * Level 6.9 Hexes
 + Level 9.4 Summonings
 * Level 6.7 Transmutations
 * Level 10.3 Fire Magic
 + Level 2.2 Ice Magic
 * Level 10.4 Air Magic
 * Level 6.7 Poison Magic
 + Level 8.6 Evocations


You couldn't memorise any spells.
You knew the following spells:

 Your Spells              Type           Power      Damage    Failure   Level
c - Plasma Beam           Fire/Air       27%        2x1d43    1%          5
g - Freezing Cloud        Conj/Ice/Air   17%        6-21      7%          5
l - Summon Lightning Spi  Summ/Air       52%        N/A       1%          4
m - Mephitic Cloud        Conj/Pois/Air  42%        N/A       1%          3
n - Ignition              Fire           27%        3d9       88%         8
v - Summon Mana Viper     Hex/Summ       46%        N/A       9%          5
x - Ignite Poison         Fire/Tmut/Pois 45%        N/A       1%          3
z - Poisonous Vapours     Pois/Air       96%        N/A       1%          2

Your spell library contained the following spells:

 Spells                   Type           Power      Damage    Failure   Level
 Maxwell's Capacitive Co  Air            27%        ∞         87%         8
 Fire Storm               Conj/Fire      21%        8d6       100%        9
 Shatter                  Erth           5%         3d8*      100%        9
 Magic Dart               Conj           100%       1d8       1%          1
 Shock                    Conj/Air       100%       1d9       1%          1
 Call Imp                 Summ           51%        N/A       1%          2
 Call Canine Familiar     Summ           51%        N/A       1%          3
 Confusing Touch          Hex            40%        N/A       1%          3
 Inner Flame              Hex/Fire       48%        N/A       1%          3
 Summon Guardian Golem    Hex/Summ       46%        N/A       1%          3
 Swiftness                Air            54%        N/A       1%          3
 Tukima's Dance           Hex            40%        N/A       1%          3
 Airstrike                Air            27%        2d(4-20)  1%          4
 Flame Wave               Conj/Fire      43%        2d11      1%          4
 Sticky Flame             Conj/Fire      43%        2d6       1%          4
 Fireball                 Conj/Fire      21%        3d10      3%          5
 Yara's Violent Unravell  Hex/Tmut       20%        3d9       4%          5
 Cause Fear               Hex            20%        N/A       5%          4
 Portal Projectile        Hex/Tloc       50%        N/A       7%          3
 Iskenderun's Battlesphe  Conj           30%        2d8       11%         5
 Lesser Beckoning         Tloc           20%        N/A       14%         2
 Conjure Ball Lightning   Conj/Air       21%        3x3d6     17%         6
 Leda's Liquefaction      Hex/Erth       12%        N/A       22%         4
 Gell's Gravitas          Tloc           10%        N/A       28%         3
 Teleport Other           Tloc           10%        N/A       28%         3
 Summon Cactus Giant      Summ           25%        N/A       28%         6
 Summon Forest            Summ/Tloc      15%        N/A       36%         5
 Passage of Golubria      Tloc           10%        N/A       67%         4
 Spellforged Servitor     Conj/Summ      20%        N/A       69%         7
 Orb of Destruction       Conj           15%        9d7       94%         7
 Borgnjor's Revivificati  Necr           5%         N/A       100%        8
 Necromutation            Tmut/Necr      12%        N/A       100%        8
 Death's Door             Necr           5%         N/A       100%        9

Inventory:

Hand Weapons
 a - the +6 sling "Ekoroeff" {flame, SInv}
   (You bought it in a shop on level 1 of the Dungeon)

   SInv:      It lets you see invisible.
 b - the +12 arbalest of the Briny Deep (weapon) {penet, Int-3 Dex+4}
   (You took it off a vault sentinel on level 1 of the Vaults)

   Int:       It affects your intelligence (-3).
   Dex:       It affects your dexterity (+4).
 y - the +2 sling of Rotation {freeze, Will- Int+8}
   (You found it on level 5 of the Lair of Beasts)

   Int:       It affects your intelligence (+8).
   Will:      It decreases your willpower.
 L - the +6 rapier of Embarrassment {holy, rPois Will+}
   (You found it on level 2 of the Shoals)

   rPois:     It protects you from poison.
   Will:      It increases your willpower.
Missiles
 i - 26 poisoned darts
 R - 9 throwing nets {=f}
 Y - 2 curare-tipped darts {=f}
Armour
 c - a +2 pair of boots (worn)
 d - the +5 ring mail "Cefraiw" {+Inv rF+ Dex+2}
   (You found it on level 5 of the Lair of Beasts)

   Dex:       It affects your dexterity (+2).
   rF:        It protects you from fire.
   +Inv:      It lets you turn invisible.
 h - a +0 pair of gloves (worn)
 k - a +2 robe of resistance
 u - the +2 hat of Fanaticism (worn) {Dex+3}
   (You found it on level 1 of the Orcish Mines)

   Dex:       It affects your dexterity (+3).
 N - a +1 kite shield of poison resistance
 P - a +0 kite shield of protection
 S - a +3 troll leather armour (worn) {Snorg}
 T - a scarf of repulsion (worn)
 U - a +1 cloak of stealth
Magical Staves
 O - the staff of poison "Yder" {rPois Stlth+}
   (You found it on level 4 of the Shoals)

   [staff of poison]

   Base accuracy: +5 Base damage: 5 Base attack delay: 1.2 This weapon's minimum
   attack delay (0.6) is reached at skill level 12.
   rPois:     It protects you from poison.
   Stlth:     It makes you more stealthy.
   It falls into the 'Staves' category.
   It is a one-handed weapon.
Jewellery
 C - the ring "Giocorobb" {Ice Str+5 Dex+2}
   (You found it on level 11 of the Dungeon)

   [ring of ice]

   It enhances your ice magic.
   Str:       It affects your strength (+5).
   Dex:       It affects your dexterity (+2).
   rF:        It makes you vulnerable to fire.
   rC:        It protects you from cold.
 F - a ring of protection from fire
 H - an amulet of faith (around neck) {!P}
 I - a +6 ring of intelligence (left hand)
 X - a +6 ring of dexterity (right hand)
Wands
 e - a wand of charming (12)
 q - a wand of quicksilver (3)
 v - a wand of polymorph (11)
 B - a wand of digging (28)
 J - a wand of flame (38)
Scrolls
 g - 3 scrolls of immolation {!r}
 j - 6 scrolls of blinking
 n - 5 scrolls of amnesia
 s - a scroll of poison {!r}
 x - 4 scrolls of enchant armour
 z - a scroll of brand weapon
 E - 2 scrolls of magic mapping
 G - 4 scrolls of fear
 M - 2 scrolls of butterflies
 V - a scroll of enchant weapon
 W - 4 scrolls of teleportation {@r4}
Potions
 l - 5 potions of heal wounds {@q2}
 m - 3 potions of mutation {!q}
 o - 3 potions of magic
 p - 2 potions of resistance
 r - 3 potions of ambrosia
 t - 4 potions of might
 A - 5 potions of brilliance
 D - 9 potions of haste {@q3}
 K - 6 potions of curing {@q1}
 Q - 8 potions of flight
Miscellaneous
 w - a lightning rod (4/4)
 Z - a condenser vane

Dungeon Overview and Level Annotations

Branches:
Dungeon (15/15)            Temple (1/1) D:4            Lair (5/5) D:10
 Shoals (4/4) Lair:3       Spider (0/4) Lair:3        Slime (0/5) Lair:4
    Orc (2/2) D:12            Elf (0/3) Orc:2        Vaults (2/5) D:13
 Depths (1/4) D:15
  Crypt: Vaults:2-3

Altars:
Ashenzari
Cheibriados
Dithmenos
Elyvilon
Fedhas
Gozag
Hepliaklqana
Kikubaaqudgha
Makhleb
Nemelex Xobeh
Okawaru
Qazlal
Ru
Sif Muna
Trog
Uskayaw
Vehumet
Wu Jian
Xom
Yredelemnul
Zin
The Shining One
Jiyva

Shops:
D:1 (   D:8 :   D:11 :   Orc:1 *   Orc:2 ([*:   Shoals:3 [

Annotations:
D:11 exclusion: obsidian statue
D:14 2 transporters, Jogov's ghost, journeyman DgHW

.▒▒.... ▒.▒
...⌠. ▒▒.▒
....▒▒..▒ ▒.
▒..▒▒...▒
▒▒..▒▒..▒▒...▒
▒........▒▒..▒
..⌠....V..▒▒.▒
....▒▒..SVV▒.▒
... ▒▒...@▒.▒
. ▒▒.....▒
▒▒▒...▒
......▒▒...
▒▒▒▒▒▒▒▒▒.).▒
..▒.▒ ▒...▒
▒.T.▒▒ ▒pTT▒▒


You could see a vampire knight (fast, ally target, magic disrupted), 2 vampires
and a friendly mana viper (summoned).


Message History

The vampire completely misses your mana viper.
The vampire hits you but does no damage.
The vampire bites you but does no damage.
The vampire knight completely misses you.
The vampire knight hits your mana viper with a +3 battleaxe!!
The vampire knight bites you but does no damage.
The vampire knight's magic is no longer disrupted.
Your mana viper bites the vampire knight but does no damage.
The vampire completely misses you.
The vampire bites you but does no damage.
The vampire knight hits you with a +3 battleaxe!
* * * LOW HITPOINT WARNING * * *
The vampire knight hits your mana viper with a +3 battleaxe!
The vampire knight bites you but does no damage.
Your mana viper barely misses the vampire knight.
The vampire knight hits you with a +3 battleaxe!!
* * * LOW HITPOINT WARNING * * *
The vampire knight misses your mana viper.
The vampire knight bites you!
* * * LOW HITPOINT WARNING * * *
The vampire knight draws strength from your injuries!
The vampire misses your mana viper. x2; The vampire hits you.
* * * LOW HITPOINT WARNING * * *
The vampire bites you.
* * * LOW HITPOINT WARNING * * *
The vampire draws strength from your injuries!
Your mana viper bites the vampire knight.
The vampire knight's magic leaks into the air.
The vampire knight hits you with a +3 battleaxe!!
You die...

Skill      XL: |  1  2  3  4  5  6  7  8  9 10 11 12 13 14 15 16 17 18 |
---------------+-------------------------------------------------------+-----
Throwing       | 1 2 3 4 5 6 |  6.0
Stealth        | 2 3 4 5 6 7 8 9 |  9.0
Fighting       | 1 2 3 4 5 6 7 8 |  8.6
Evocations     | 2 3 4 5 6 7 8 |  8.6
Ranged Weapons | 5 6 7 8 9 10 11 12 13 | 13.0
Short Blades   | 1 2 3 4 5 6 7 |  7.6
Spellcasting   | 1 2 3 5 6 7 8 9 |  9.3
Air Magic      | 2 3 5 6 7 8 9 10 | 10.4
Summonings     | 2 3 5 6 7 8 9 |  9.4
Fire Magic     | 2 3 4 6 7 8 9 10 | 10.3
Shields        | 1 2 3 4 5 6 7 |  7.0
Hexes          | 2 3 5 6 |  6.9
Poison Magic   | 2 4 5 6 |  6.7
Transmutations | 2 3 5 6 |  6.7
Conjurations   | 2 3 4 |  4.5
Armour         | 1 2 3 |  3.5
Dodging        | 3 4 |  4.2
Ice Magic      | 1 2 |  2.2
Long Blades    | |  2.0

Action                     |  1- 3 |  4- 6 |  7- 9 | 10-12 | 13-15 | 16-18 || total
---------------------------+-------+-------+-------+-------+-------+-------++-------
  Melee: Sling             |       |     1 |       |       |     8 |       ||     9
         Unarmed           |       |    24 |       |       |       |       ||    24
   Fire: Sling             |    68 |   200 |   397 |   580 |   677 |   150 ||  2072
         Arbalest          |       |       |       |       |       |    16 ||    16
  Throw: Dart              |     4 |       |    13 |    29 |    10 |       ||    56
         Throwing net      |       |       |       |     1 |       |       ||     1
   Cast: Plasma Beam       |       |       |       |    32 |   371 |   165 ||   568
         Call Canine Famil |       |       |       |     2 |     1 |       ||     3
         Summon Lightning  |       |       |       |     1 |     3 |       ||     4
         Ignite Poison     |       |       |       |     1 |     1 |   154 ||   156
         Poisonous Vapours |       |       |       |       |     2 |   272 ||   274
         Mephitic Cloud    |       |       |       |       |       |     8 ||     8
         Freezing Cloud    |       |       |       |       |       |     8 ||     8
         Summon Mana Viper |       |       |       |       |       |     2 ||     2
Ability: Evoke Invisibilit |       |     1 |       |       |       |       ||     1
  Evoke: Wand              |       |       |    12 |    14 |    21 |     6 ||    53
         Condenser vane    |       |       |       |       |     1 |     1 ||     2
    Use: Potion            |       |     1 |     4 |     1 |     8 |     8 ||    22
         Scroll            |       |       |     9 |     5 |    19 |     9 ||    42
 Armour: Robe              |     7 |    19 |     4 |    56 |    30 |       ||   116
         Skin              |       |    12 |       |       |       |       ||    12
         Leather armour    |       |       |    58 |    33 |       |       ||    91
         Steam dragon scal |       |       |       |       |    42 |       ||    42
         Ring mail         |       |       |       |       |    30 |       ||    30
         Troll leather arm |       |       |       |       |    84 |   100 ||   184
  Dodge: Dodged            |    21 |    61 |   140 |   167 |   292 |   219 ||   900
         Repelled          |       |       |       |       |       |     2 ||     2
  Block: Buckler           |       |       |    12 |    82 |   193 |   113 ||   400

Levels and vault maps discovered:
D:1:      lemuel_arrival_cross, layout_basic, serial_shops, shop
D:2:      layout_loops_cross, basic_altar, uniq_terence, uniq_crazy_yiuf_cottage
D:3:      layout_loops_ring, bloody_makhleb, minmay_snake_closets, uniq_natasha,
          uniq_robin
D:4:      minmay_razor_zed, layout_loops_ring, minmay_temple_entry_statues,
          minmay_misc_feat_four_crosses
D:5:      layout_loops_ring, minmay_misc_feat_secret_circle, uniq_edmund
D:6:      layout_basic, chequers_jeans
D:7:      cheibrodos_quashed, layout_cave_pools
D:8:      layout_basic, nemelex_diamond_rough_becter, lemuel_tele_altar,
          gammafunk_temple_overflow_elements, nicolae_shop_self_help,
          uniq_maurice
D:9:      layout_loops_ring, okawaru_gym_becter, nicolae_overflow_hidden_temple,
          kennysheep_generic_room_8, uniq_pikel
D:10:     layout_cave_pools, nicolae_uskayaw_en_pointe, david_lair_shrubbed,
          hive_lemuel, uniq_nergalle
D:11:     lemuel_ice_spiral_2, layout_basic, nicolae_shop_i_like_big_books,
          minivault_15
D:12:     layout_basic, hiddenorc1_lemuel, uniq_snorg
D:13:     layout_loops_cross, david_vaults_4
D:14:     layout_loops_ring, gammafunk_ghost_wrathful_warriors,
          chequers_serial_rivers_small_a
D:15:     grunt_enter_depths_giant_problem, layout_layer_cave,
          lemuel_crystal_altar, cheibrodos_worm_habitat
Temple:   nicolae_temple_great_sept
Lair:1:   layout_big_grid, gammafunk_ghost_hive, chequers_serial_rivers_small_3,
          uniq_amaemon
Lair:2:   layout_regular_city, serial_bayou_crossing
Lair:3:   layout_gridlike, nicolae_shoals_entry_roost,
          spider_nest_entry_web_field, serial_bayou, serial_bayou_pond_a,
          serial_bayou_pond_c, serial_bayou_shore_a, serial_bayou_pond_e,
          chequers_serial_rivers_small_3
Lair:4:   layout_long_grid, slime_entry_1, uniq_urug
Lair:5:   gammafunk_lair_ancient_temple, layout_regular_city
Shoals:1: layout_shoals
Shoals:2: layout_shoals
Shoals:3: layout_shoals, serial_shops, nicolae_shop_behind_doors, uniq_ilsuiw,
          uniq_polyphemus
Shoals:4: shoals_end_simple, layout_shoals, uniq_mlioglotl
Orc:1:    layout_caves, serial_shops, nicolae_shop_stone, hangedman_minor_magic
Orc:2:    grunt_orc_community_town_hall, layout_caves,
          grunt_orc_community_big_house_2, grunt_orc_community_big_house_2,
          grunt_orc_community_house_1, grunt_orc_community_house_2,
          grunt_orc_community_house_2, grunt_orc_community_house_3
Vaults:1: portal_desolation_entry_nicolae_slug, vaults_dpeg_diagonal, v_misc_3,
          ontoclasm_vaults_ligature, nicolae_vaults_yaktaur_gun_rack,
          grunt_vaults_hallway_short, nicolae_vaults_little_squares_6,
          v_misc_14, layout_vaults_quadrants
Vaults:2: minmay_crypt_entry_vampire_xt, v_misc_8,
          dpeg_vaults_pockets_of_resistance, v_misc_1,
          nicolae_vaults_circle_grid_a, v_misc_23,
          nicolae_vaults_three_branches, nicolae_vaults_diagonal_hallway_7,
          ontoclasm_vaults_twist, ontoclasm_vaults_chip,
          nicolae_vaults_little_squares_3, v_misc_29,
          hangedman_vaults_stretched_pinwheel, layout_vaults_omnicross,
          serial_shops, shop, uniq_bai_suzhen, uniq_mennas
Depths:1: layout_cave_shapes, kennysheep_small_spiral, hellmouth_1,
          nicolae_dithmenos_through_a_glass_darkly, nicolae_triple_integral

Notes
Turn   | Place    | Note
-------+----------+-------------------------------------------
     0 | D:1      | Jeffwins the Human Wanderer began the quest for the Orb.
     0 | D:1      | Jeffwins set off with the following items: a +2 sling, a +0
                  | falchion, a +0 pair of boots, a scroll of teleportation
                  | {@r4}, a +0 robe.
     0 | D:1      | Reached XP level 1. HP: 13/13 MP: 1/1
   198 | D:1      | Reached XP level 2. HP: 19/19 MP: 2/2
   617 | D:1      | Reached XP level 3. HP: 20/25 MP: 3/3
   848 | D:1      | Found Dirorotes's Antique Weapon Shop.
  1129 | D:2      | Found a sacrificial altar of Ru.
  1152 | D:2      | Noticed Terence
  1161 | D:2      | Killed Terence
  1162 | D:2      | Reached skill level 1 in Throwing
  1162 | D:2      | Reached skill level 2 in Stealth
  1162 | D:2      | Reached XP level 4. HP: 22/31 MP: 4/4
  1228 | D:2      | Reached skill level 1 in Fighting
  1392 | D:2      | Found a runed translucent door.
  1393 | D:2      | Noticed Crazy Yiuf
  1774 | D:2      | Killed Crazy Yiuf
  1775 | D:2      | Reached skill level 2 in Evocations
  1775 | D:2      | Reached XP level 5. HP: 11/35 MP: 5/5
  1933 | D:3      | Noticed Robin
  1944 | D:3      | Reached skill level 5 in Ranged Weapons
  2133 | D:3      | Killed Robin
  2149 | D:3      | Found a burning altar of Makhleb.
  2392 | D:3      | Reached XP level 6. HP: 43/43 MP: 6/6
  2604 | D:3      | Noticed Natasha
  2618 | D:3      | Killed Natasha
  2619 | D:3      | Reached skill level 2 in Throwing
  2684 | D:3      | Noticed Natasha
  2697 | D:3      | Killed Natasha
  2861 | D:3      | Noticed Natasha
  2879 | D:3      | Killed Natasha
  2880 | D:3      | Reached skill level 2 in Fighting
  3011 | D:3      | Reached skill level 3 in Stealth
  3028 | D:3      | You fall into a shaft and drop 3 floors!
  3082 | D:6      | Reached XP level 7. HP: 50/50 MP: 7/7
  3267 | D:5      | Entered Level 5 of the Dungeon
  3283 | D:5      | Reached skill level 3 in Evocations
  3298 | D:5      | Reached skill level 6 in Ranged Weapons
  3371 | D:5      | Reached skill level 3 in Throwing
  3377 | D:5      | Reached XP level 8. HP: 30/57 MP: 8/8
  3384 | D:5      | Reached skill level 3 in Fighting
  4011 | D:5      | Reached skill level 4 in Stealth
  4124 | D:5      | Noticed Edmund
  4171 | D:5      | Killed Edmund
  4172 | D:5      | Reached skill level 7 in Ranged Weapons
  4177 | D:5      | HP: 5/59 [something (5)]
  4186 | D:5      | HP: 5/59 [poisoned by an orc wizard]
  4595 | D:5      | Reached skill level 4 in Evocations
  5063 | D:4      | Reached skill level 1 in Short Blades
  5063 | D:4      | Reached skill level 4 in Throwing
  5063 | D:4      | Reached XP level 9. HP: 52/65 MP: 9/9
  5387 | D:4      | Found a staircase to the Ecumenical Temple.
  5401 | Temple   | Entered the Ecumenical Temple
  5497 | Temple   | Became a worshipper of Vehumet
  5633 | D:1      | Bought an ivory sling for 214 gold pieces
  5633 | D:1      | Identified the +6 sling "Ekoroeff" {flame, SInv} (You
                  | bought it in a shop on level 1 of the Dungeon)
  6015 | D:3      | Reached skill level 4 in Fighting
  6719 | D:6      | Reached skill level 5 in Stealth
  6743 | D:6      | Reached skill level 1 in Spellcasting
  6956 | D:7      | Reached skill level 2 in Short Blades
  6964 | D:7      | Learned a level 4 spell: Summon Lightning Spire
  6970 | D:7      | Learned a level 5 spell: Plasma Beam
  7237 | D:7      | Reached skill level 1 in Air Magic
  7240 | D:7      | Reached * piety under Vehumet
  7240 | D:7      | Offered knowledge of Freeze by Vehumet.
  7248 | D:7      | Reached skill level 8 in Ranged Weapons
  7248 | D:7      | Reached skill level 1 in Summonings
  7248 | D:7      | Reached skill level 1 in Fire Magic
  7453 | D:7      | Noticed a two-headed ogre
  7984 | D:7      | Killed a two-headed ogre
  7985 | D:7      | Reached skill level 1 in Shields
  7985 | D:7      | Reached skill level 2 in Summonings
  7985 | D:7      | Reached skill level 2 in Fire Magic
  7985 | D:7      | Reached skill level 2 in Air Magic
  7985 | D:7      | Reached XP level 10. HP: 52/73 MP: 12/12
  8127 | D:8      | Reached skill level 5 in Evocations
  8129 | D:8      | Reached skill level 2 in Spellcasting
  8337 | D:8      | Found a stormy altar of Qazlal.
  8337 | D:8      | Found a bloodstained altar of Trog.
  8378 | D:8      | Reached skill level 5 in Throwing
  8390 | D:8      | Noticed Maurice
  8399 | D:8      | Killed Maurice
  8400 | D:8      | Reached skill level 3 in Summonings
  8400 | D:8      | Reached skill level 3 in Air Magic
  8638 | D:8      | Found a shimmering blue altar of Sif Muna.
  8733 | D:8      | Offered knowledge of Momentum Strike by Vehumet.
  8825 | D:8      | Found a sparkling altar of Nemelex Xobeh.
  8852 | D:8      | Found Azek's Self-Improvement Boutique.
  8878 | D:9      | Reached ** piety under Vehumet
  8882 | D:9      | Reached skill level 3 in Fire Magic
  9240 | D:9      | Found an iron altar of Okawaru.
  9349 | D:9      | Reached skill level 3 in Short Blades
  9387 | D:9      | Noticed Pikel
  9410 | D:9      | Killed Pikel
  9411 | D:9      | Reached skill level 5 in Fighting
  9557 | D:9      | Reached skill level 2 in Shields
  9557 | D:9      | Reached XP level 11. HP: 79/79 MP: 14/14
  9671 | D:9      | Found a hazy altar of Hepliaklqana.
  9683 | D:9      | Offered knowledge of Ignite Poison by Vehumet.
  9804 | D:9      | Reached skill level 4 in Air Magic
 10027 | D:9      | Reached *** piety under Vehumet
 10272 | D:9      | Learned a level 3 spell: Ignite Poison
 10276 | D:9      | Learned a level 3 spell: Call Canine Familiar
 10367 | D:10     | Entered Level 10 of the Dungeon
 10457 | D:10     | Found a hide-covered altar of Uskayaw.
 10457 | D:10     | Noticed a +0 falchion
 10457 | D:10     | Noticed a +0 short sword
 10458 | D:10     | Noticed a +0 falchion
 10458 | D:10     | Noticed a +0 spear
 10459 | D:10     | Noticed a +0 spear
 10459 | D:10     | Noticed a +0 short sword
 10460 | D:10     | Noticed a +0 dagger
 10461 | D:10     | Noticed a +0 dagger
 10529 | D:10     | Reached skill level 4 in Summonings
 10529 | D:10     | Reached skill level 4 in Fire Magic
 10532 | D:10     | Reached skill level 9 in Ranged Weapons
 10769 | D:10     | Reached skill level 3 in Spellcasting
 10790 | D:10     | Offered knowledge of Inner Flame by Vehumet.
 10975 | D:10     | Found a staircase to the Lair.
 11024 | D:10     | Noticed Nergalle
 11054 | D:10     | Killed Nergalle
 11443 | D:11     | Noticed a white ugly thing
 11449 | D:11     | Noticed a two-headed ogre
 11456 | D:11     | Killed a two-headed ogre
 11731 | D:11     | Noticed a two-headed ogre
 11737 | D:11     | Noticed a cyclops
 11749 | D:11     | Killed a two-headed ogre
 11785 | D:11     | Reached skill level 5 in Air Magic
 11905 | D:11     | Killed a cyclops
 11905 | D:11     | Reached **** piety under Vehumet
 11955 | D:11     | Noticed an obsidian statue
 12118 | D:11     | Found Neigim's Tremendous Tomes.
 12144 | D:11     | Noticed a two-headed ogre
 12155 | D:11     | Killed a two-headed ogre
 12155 | D:11     | Offered knowledge of Flame Wave by Vehumet.
 12156 | D:11     | Reached skill level 5 in Summonings
 12157 | D:11     | Reached XP level 12. HP: 65/86 MP: 17/17
 12608 | D:11     | Noticed a soul eater
 12609 | D:11     | Noticed a soul eater
 12732 | Lair:1   | Entered Level 1 of the Lair of Beasts
 12766 | Lair:1   | Reached skill level 5 in Fire Magic
 12766 | Lair:1   | Reached skill level 6 in Evocations
 12942 | Lair:1   | Reached skill level 4 in Short Blades
 12942 | Lair:1   | Reached skill level 3 in Shields
 12959 | Lair:1   | Reached skill level 6 in Throwing
 12959 | Lair:1   | Reached skill level 6 in Stealth
 12962 | Lair:1   | Paralysed by a hornet for 1 turns
 12969 | Lair:1   | Reached skill level 4 in Spellcasting
 13113 | Lair:1   | Found a transporter.
 13118 | Lair:1   | Found a transporter.
 13119 | Lair:1   | Noticed bakla's ghost (novice DsAE)
 13557 | Lair:1   | Noticed Amaemon
 13575 | Lair:1   | Killed Amaemon
 14087 | Lair:2   | Reached ***** piety under Vehumet
 14202 | Lair:2   | Noticed a skyshark
 14206 | Lair:2   | Offered knowledge of Ozocubu's Refrigeration by Vehumet.
 14207 | Lair:2   | Reached skill level 6 in Air Magic
 14678 | Lair:2   | Killed a skyshark
 14679 | Lair:2   | Reached skill level 6 in Summonings
 14884 | Lair:2   | Reached skill level 6 in Fighting
 15406 | Lair:3   | Noticed a death yak
 15426 | Lair:2   | Reached skill level 10 in Ranged Weapons
 15426 | Lair:2   | Reached skill level 6 in Fire Magic
 15895 | Lair:2   | Reached skill level 5 in Spellcasting
 15895 | Lair:2   | Reached XP level 13. HP: 54/93 MP: 11/20
 16228 | Lair:3   | Reached skill level 4 in Shields
 16673 | Lair:3   | Found a hole to the Spider Nest.
 16855 | Lair:3   | Found a staircase to the Shoals.
 17893 | Lair:2   | Reached skill level 5 in Short Blades
 17893 | Lair:2   | Reached skill level 7 in Air Magic
 18356 | Lair:3   | Reached skill level 7 in Summonings
 18664 | Lair:4   | Found a viscous altar of Jiyva.
 18665 | Lair:4   | Found a staircase to the Slime Pits.
 18690 | Lair:4   | Noticed a five-headed hydra
 18769 | Lair:4   | Killed a five-headed hydra
 18770 | Lair:4   | Reached skill level 7 in Fire Magic
 18770 | Lair:4   | Noticed Urug
 18781 | Lair:4   | Urug changed into Urug the guardian serpent
 18781 | Lair:4   | Noticed Urug
 18787 | Lair:4   | Killed Urug the guardian serpent
 19524 | Lair:5   | Entered Level 5 of the Lair of Beasts
 19526 | Lair:5   | Reached skill level 7 in Stealth
 19625 | Lair:5   | Noticed a four-headed hydra
 19629 | Lair:5   | Killed a four-headed hydra
 19630 | Lair:5   | Reached skill level 6 in Spellcasting
 20035 | Lair:5   | Noticed a four-headed hydra
 20039 | Lair:5   | Killed a four-headed hydra
 20196 | Lair:5   | Reached XP level 14. HP: 101/101 MP: 14/23
 20779 | Lair:5   | Reached skill level 7 in Evocations
 20950 | Lair:5   | Reached skill level 5 in Shields
 20965 | Lair:5   | Reached skill level 11 in Ranged Weapons
 21218 | Lair:5   | Learned a level 5 spell: Summon Mana Viper
 21549 | Lair:4   | Reached skill level 1 in Hexes
 21549 | Lair:4   | Reached skill level 1 in Poison Magic
 21558 | Lair:4   | Reached skill level 8 in Air Magic
 21865 | Lair:5   | Reached skill level 1 in Transmutations
 21873 | Lair:5   | Reached skill level 7 in Fighting
 22346 | Lair:5   | Reached skill level 8 in Summonings
 22356 | Lair:5   | Identified the +5 ring mail "Cefraiw" {+Inv rF+ Dex+2}
 22708 | Lair:5   | Identified a scroll of acquirement
 22709 | Lair:5   | Acquired 951 gold pieces
 22754 | Lair:5   | Offered knowledge of Yara's Violent Unravelling by Vehumet.
 23146 | Lair:5   | Reached skill level 2 in Hexes
 23186 | Lair:4   | Reached skill level 2 in Poison Magic
 23379 | Lair:5   | Reached skill level 8 in Fire Magic
 23385 | Lair:5   | Reached skill level 2 in Transmutations
 23859 | Lair:5   | Identified the +2 sling of Rotation {freeze, Will- Int+8}
 24219 | D:11     | Bought Sif Muna's Vellum of the Alluring Sky for 792 gold
                  | pieces
 24222 | D:11     | Learned a level 2 spell: Poisonous Vapours
 24226 | D:11     | Learned a level 3 spell: Mephitic Cloud
 24407 | D:11     | Identified the ring "Giocorobb" {Ice Str+5 Dex+2}
 24695 | D:11     | Reached XP level 15. HP: 50/108 MP: 2/25
 24860 | D:12     | Noticed Snorg
 24868 | D:11     | Killed Snorg
 24869 | D:11     | Reached skill level 6 in Short Blades
 24869 | D:11     | Reached skill level 7 in Spellcasting
 25521 | D:12     | Found a staircase to the Orcish Mines.
 25962 | D:12     | Identified 3 potions of resistance
 26303 | Orc:1    | Entered Level 1 of the Orcish Mines
 26320 | D:12     | Reached skill level 3 in Poison Magic
 26438 | D:12     | Offered knowledge of Conjure Ball Lightning by Vehumet.
 26747 | Orc:1    | Found Newonol's Assorted Antiques.
 26769 | Orc:1    | Bought a scroll of teleportation for 120 gold pieces
 26769 | Orc:1    | Bought a scroll of enchant armour for 300 gold pieces
 26769 | Orc:1    | Bought a bubbling amethyst potion for 36 gold pieces
 26769 | Orc:1    | Bought a scroll of teleportation for 120 gold pieces
 26769 | Orc:1    | Bought a small bone ring for 200 gold pieces
 26769 | Orc:1    | Bought a potion of curing for 120 gold pieces
 26835 | Orc:1    | Reached skill level 1 in Conjurations
 27048 | Orc:1    | Reached skill level 3 in Transmutations
 27263 | Orc:1    | Identified the +2 hat of Fanaticism {Dex+3}
 27414 | Orc:2    | Entered Level 2 of the Orcish Mines
 27755 | Orc:2    | Found Letwoimm's General Store.
 27760 | Orc:2    | Bought a condenser vane for 520 gold pieces
 27760 | Orc:2    | Bought a scroll of identify for 26 gold pieces
 27760 | Orc:2    | Bought a scroll of poison for 52 gold pieces
 27760 | Orc:2    | Bought a potion of invisibility for 104 gold pieces
 27760 | Orc:2    | Bought a scroll of identify for 26 gold pieces
 27821 | Orc:2    | Reached skill level 3 in Hexes
 27830 | Orc:2    | Offered knowledge of Eringya's Noxious Bog by Vehumet.
 27840 | Orc:2    | Identified a +2 robe of resistance
 27844 | Orc:2    | Noticed an orc warlord
 27859 | Orc:2    | Killed an orc warlord
 28020 | Orc:1    | HP: 4/108 [troll[an orc warlord] (11)]
 28740 | Orc:2    | Found a staircase to the Elven Halls.
 28901 | Orc:2    | Found Zikeyg's Antique Weapon Shop.
 28903 | Orc:2    | Found Gulyt's Antique Armour Boutique.
 28916 | Orc:2    | Bought an ichor-stained long sword for 187 gold pieces
 28916 | Orc:2    | Identified the +6 long sword "Esynwek" {freeze, Stlth+}
                  | (You bought it in a shop on level 2 of the Orcish Mines)
 29005 | Orc:2    | Found Enorin's Book Boutique.
 29749 | D:13     | Found a gate to the Vaults.
 30783 | D:14     | Found a transporter.
 30783 | D:14     | Found a transporter.
 30797 | D:14     | Reached skill level 8 in Stealth
 30798 | D:14     | Reached skill level 2 in Conjurations
 30800 | D:14     | Noticed Jogov's ghost (journeyman DgHW)
 30918 | D:14     | Offered knowledge of Starburst by Vehumet.
 31046 | D:14     | Found a bloodstained altar of Trog.
 31082 | D:14     | Reached skill level 4 in Poison Magic
 31082 | D:14     | Reached XP level 16. HP: 116/116 MP: 19/27
 31083 | D:14     | Reached skill level 4 in Transmutations
 31083 | D:14     | Reached skill level 9 in Air Magic
 31507 | Lair:1   | HP: 11/116 [bakla's ghost/static electricity (9)]
 31699 | Lair:1   | Killed bakla's ghost
 31700 | Lair:1   | Reached skill level 4 in Hexes
 31964 | D:15     | Entered Level 15 of the Dungeon
 32000 | D:15     | Reached skill level 12 in Ranged Weapons
 32006 | D:15     | Reached ****** piety under Vehumet
 32214 | D:15     | Found a snail-covered altar of Cheibriados.
 32315 | D:15     | Found a staircase to the Depths.
 32321 | D:15     | Reached skill level 6 in Shields
 32321 | D:15     | Reached skill level 9 in Fire Magic
 32483 | D:15     | Reached skill level 8 in Spellcasting
 32796 | D:15     | Reached skill level 1 in Armour
 32873 | D:15     | Found an ornate altar of the Wu Jian Council.
 33056 | Depths:1 | Entered Level 1 of the Depths
 33063 | Depths:1 | Reached skill level 8 in Evocations
 33834 | Shoals:1 | Entered Level 1 of the Shoals
 33949 | Shoals:1 | Reached skill level 8 in Fighting
 34071 | Shoals:1 | Reached skill level 3 in Conjurations
 34298 | Shoals:1 | Reached skill level 5 in Transmutations
 34457 | Shoals:1 | Identified the +2 trident of Urylest {flame, Dex+5}
 34898 | Shoals:1 | Reached skill level 5 in Poison Magic
 34956 | Shoals:2 | Reached skill level 5 in Hexes
 35197 | Shoals:2 | Reached XP level 17. HP: 99/122 MP: 3/29
 35278 | Shoals:2 | Offered knowledge of Freezing Cloud by Vehumet.
 35614 | Shoals:2 | Identified the +6 rapier of Embarrassment {holy, rPois
                  | Will+}
 35778 | Shoals:3 | Noticed Ilsuiw
 35924 | Shoals:3 | Found Ocwiqelode's Antique Armour Shoppe.
 35931 | Shoals:3 | Reached skill level 2 in Armour
 36307 | Shoals:3 | Killed Ilsuiw
 36444 | Shoals:3 | Reached skill level 3 in Dodging
 36454 | Shoals:3 | Noticed Polyphemus
 36557 | Shoals:3 | Killed Polyphemus
 36836 | Shoals:3 | Reached skill level 7 in Short Blades
 37140 | Shoals:3 | Reached skill level 9 in Summonings
 37653 | Shoals:4 | Entered Level 4 of the Shoals
 37673 | Shoals:4 | Noticed Mlioglotl
 37688 | Shoals:3 | Killed Mlioglotl
 38080 | Shoals:4 | Identified the staff of poison "Yder" {rPois Stlth+}
 38217 | Shoals:4 | Learned a level 5 spell: Freezing Cloud
 38290 | Shoals:4 | Identified the +1 leather armour of Lalil {Rampage rN+ MP-9
                  | Dex+7}
 38448 | Shoals:4 | Offered knowledge of Ignition by Vehumet.
 38545 | Shoals:4 | Reached skill level 4 in Conjurations
 38545 | Shoals:4 | Reached skill level 6 in Transmutations
 38609 | Shoals:4 | Got a barnacled rune of Zot
 38648 | Shoals:4 | Reached skill level 10 in Air Magic
 38868 | Shoals:4 | Reached skill level 6 in Hexes
 38868 | Shoals:4 | Reached skill level 10 in Fire Magic
 38868 | Shoals:4 | Reached skill level 1 in Ice Magic
 38869 | Shoals:4 | Reached skill level 6 in Poison Magic
 38869 | Shoals:4 | Reached XP level 18. HP: 49/130 MP: 30/30
 39049 | Shoals:4 | Reached skill level 3 in Armour
 39053 | Shoals:4 | Reached skill level 9 in Spellcasting
 39313 | Vaults:1 | Entered Level 1 of the Vaults
 39325 | Vaults:1 | Learned a level 8 spell: Ignition
 40188 | Vaults:1 | Offered knowledge of Fire Storm by Vehumet.
 40188 | Vaults:1 | Offered knowledge of Shatter by Vehumet.
 40188 | Vaults:1 | Offered knowledge of Maxwell's Capacitive Coupling by
                  | Vehumet.
 40316 | Vaults:1 | Reached skill level 4 in Dodging
 40638 | Vaults:1 | Reached skill level 9 in Stealth
 41217 | Vaults:1 | Reached skill level 2 in Ice Magic
 41412 | Vaults:1 | Identified the +12 arbalest of the Briny Deep {penet, Int-3
                  | Dex+4}
 41711 | Vaults:2 | Reached skill level 13 in Ranged Weapons
 41711 | Vaults:2 | Reached skill level 7 in Shields
 42254 | Vaults:2 | Paralysed by a vampire knight for 5 turns
 42258 | Vaults:2 | Slain by a vampire knight

Vanquished Creatures
  Mlioglotl (Shoals:3)
  Polyphemus (Shoals:3)
  A sphinx (Vaults:2)
  Ilsuiw (Shoals:3)
  A vault warden (Vaults:1)
  An orc warlord (Orc:2)
  2 stone giants
  2 ironbound preservers (Vaults:1)
  An ironbound thunderhulk (Vaults:2)
  2 fire dragons
  4 dire elephants (Vaults:1)
  Snorg (D:11)
  5 merfolk javelineers
  An ettin (Depths:1)
  9 merfolk impalers
  2 great orbs of eyes
  A rakshasa (Depths:1)
  3 vault guards (Vaults:2)
  2 alligator snapping turtles (Shoals:4)
  8 centaur warriors
  3 hydras
  2 catoblepae
  An ogre mage (D:15)
  6 two-headed ogres
  An ironbound frostheart (Vaults:1)
  2 merfolk avatars
  16 death yaks
  5 boulder beetles
  7 merfolk aquamancers
  A death knight (D:15)
  A satyr (Shoals:4)
  4 tengu warriors
  The ghost of bakla the Martial Artist, a novice DsAE of Cheibriados (Lair:1)
  An orc high priest (Orc:2)
  A soul eater (Depths:1)
  2 deep troll earth magi (Depths:1)
  Nergalle (D:10)
  A skeletal warrior (D:15)
  Amaemon (Lair:1)
  A shadow wraith (D:13)
  An iron troll (Depths:1)
  2 skysharks
  11 sea snakes
  10 deep trolls
  5 lindwurms (Vaults:1)
  2 glowing orange brains
  A phantasmal warrior (D:15)
  3 ironbound convokers
  3 wizards (Vaults:1)
  An orc knight (Orc:2)
  Pikel (D:9)
  23 harpies
  A deep elf zephyrmancer (Orc:1)
  A wolf spider zombie (D:15)
  11 manticores
  5 deep elf pyromancers
  A necromancer (D:15)
  7 cyclopes
  A wolf spider (D:15)
  24 ugly things
  A faun (shapeshifter) (D:15)
  An orc sorcerer (Orc:2)
  2 fauns (Shoals:1)
  A centaur zombie (D:15)
  6 elephants (Lair:5)
  4 vault sentinels
  4 merfolk sirens
  6 water nymphs
  Maurice (D:8)
  2 black mambas
  A guardian serpent (Lair:4)
  A salamander (Depths:1)
  A gargoyle (D:14)
  3 rime drakes
  An unseen horror (D:13)
  10 cane toads
  12 komodo dragons
  2 yaktaurs (Vaults:1)
  A redback zombie (D:15)
  6 trolls
  3 meliai (D:15)
  6 wind drakes
  21 merfolk
  3 polar bears (Lair:5)
  13 snapping turtles
  5 hornets
  9 blink frogs
  13 dream sheep
  22 slime creatures
  6 water elementals
  A vampire (D:11)
  A shadow (D:10)
  6 wraiths
  37 yaks
  4 wyverns
  3 steam dragons
  3 basilisks
  13 vampire mosquitoes
  A warg (D:12)
  An acid dragon (D:12)
  Edmund (D:5)
  13 water moccasins
  A hornet zombie (D:15)
  2 ice beasts
  32 orc warriors
  2 sky beasts
  A swamp drake (Orc:1)
  10 ogres
  10 centaurs
  12 wolves
  A phantom (D:6)
  2 lemures (D:9)
  10 bullfrogs
  3 kobold brigands
  A gnoll sergeant (D:7)
  3 scorpions
  8 wights
  13 killer bees
  5 howler monkeys
  An electric eel (Lair:3)
  A crimson imp (Orc:1)
  4 jellies
  A quasit (D:7)
  3 hounds
  25 orc priests
  Crazy Yiuf (D:2)
  5 iguanas
  An iron imp (Orc:1)
  Terence (D:2)
  Natasha (thrice) (D:3)
  34 orc wizards
  Robin (D:3)
  9 gnolls
  14 adders
  A river rat (shapeshifter) (D:13)
  5 shadow imps
  A white imp (Orc:1)
  5 worms
  2 dart slugs
  118 orcs
  14 ball pythons
  7 endoplasms
  6 giant cockroaches
  11 goblins
  9 hobgoblins
  4 jackals
  20 kobolds
  A quokka (D:1)
  3 bats
  3 frilled lizards
  4 rats
906 creatures vanquished.

Vanquished Creatures (collateral kills)
  A hydra (Lair:5)
  A two-headed ogre (D:11)
  A sea snake (Lair:5)
  An orange demon (Lair:1)
  A vampire (Vaults:2)
  3 quasits (D:7)
  2 orcs (D:5)
10 creatures vanquished.

Vanquished Creatures (others)
  An ugly thing (Vaults:1)
  An elephant (Lair:5)
  A queen bee (Lair:1)
  A yak (Lair:4)
  2 orc wizards
  An orc (Orc:1)
  39 fungi
  123 plants
169 creatures vanquished.

Grand Total: 1085 creatures vanquished

Table legend: (Time is in decaauts)
 A = Elapsed time spent in this place.
 B = Non-inter-level travel time spent in this place.
 C = Inter-level travel time spent in this place.
 D = Time resting spent in this place.
 E = Time spent auto-exploring this place.
 F = Levels seen in this place.
 G = Mean time per level.
                   A        B        C        D        E       F      G
               +--------+--------+--------+--------+--------+-----+--------+
         Total |  42754 |  40054 |   2700 |   9009 |  24596 |  30 | 1425.1 |
       Dungeon |  19433 |  17967 |   1466 |   3136 |  11713 |  15 | 1295.5 |
        Temple |    106 |     72 |     34 |      0 |     60 |   1 |  106.0 |
          Lair |  12023 |  11243 |    780 |   3618 |   5944 |   5 | 2404.6 |
        Shoals |   5645 |   5395 |    250 |   1267 |   3498 |   4 | 1411.2 |
  Orcish Mines |   2542 |   2478 |     64 |    619 |   1363 |   2 | 1271.0 |
        Vaults |   2637 |   2554 |     83 |    247 |   1895 |   2 | 1318.5 |
        Depths |    366 |    344 |     22 |    121 |    122 |   1 |  366.0 |
               +--------+--------+--------+--------+--------+-----+--------+

Top non-repeatable levels by time:
  Lair:4: 2930 daAuts
  Lair:5: 2609 daAuts
  Lair:2: 2224 daAuts
  Lair:1: 2211 daAuts
Vaults:1: 2195 daAuts
    D:11: 2093 daAuts
  Lair:3: 2047 daAuts
Shoals:2: 1770 daAuts
    D:12: 1727 daAuts
Shoals:4: 1407 daAuts
   Orc:1: 1405 daAuts
    D:13: 1404 daAuts
     D:9: 1375 daAuts
    D:15: 1355 daAuts
     D:3: 1330 daAuts

Table legend:
 A = Non-vault XP
 B = Vault XP
 C = Vault XP percentage of total XP
 D = Non-vault monster count
 E = Vault monster count
 F = Vault count percentage of total count
                 A         B        C        D         E       F
            +---------+---------+-------+---------+---------+-------
      Total |  191605 |   63830 |  25.0 |     678 |     239 |  26.1
            +---------+---------+-------+---------+---------+-------
        D:1 |      37 |       0 |   0.0 |      14 |       0 |   0.0
        D:2 |      56 |      80 |  58.8 |      20 |       3 |  13.0
        D:3 |     138 |     158 |  53.4 |      17 |      24 |  58.5
        D:4 |     188 |     263 |  58.3 |      26 |      12 |  31.6
        D:5 |    1054 |     154 |  12.7 |      22 |       1 |   4.3
        D:6 |     887 |       0 |   0.0 |      17 |       0 |   0.0
        D:7 |    1293 |     178 |  12.1 |      13 |       4 |  23.5
        D:8 |    1126 |     445 |  28.3 |      24 |       1 |   4.0
        D:9 |    1796 |     641 |  26.3 |      38 |       1 |   2.6
       D:10 |    1270 |    1136 |  47.2 |      19 |       2 |   9.5
       D:11 |    5183 |     936 |  15.3 |      19 |       2 |   9.5
       D:12 |    5273 |     214 |   3.9 |      27 |      16 |  37.2
       D:13 |    7910 |    1321 |  14.3 |      18 |       3 |  14.3
       D:14 |   13684 |       0 |   0.0 |      33 |       0 |   0.0
       D:15 |   13444 |    1128 |   7.7 |      26 |       2 |   7.1
     Lair:1 |    4634 |    3154 |  40.5 |      22 |      13 |  37.1
     Lair:2 |    9317 |       0 |   0.0 |      29 |       0 |   0.0
     Lair:3 |    5912 |    1242 |  17.4 |      23 |       2 |   8.0
     Lair:4 |    7855 |    1736 |  18.1 |      17 |       4 |  19.0
     Lair:5 |   16506 |    7004 |  29.8 |      48 |      18 |  27.3
   Shoals:1 |    8896 |       0 |   0.0 |      18 |       0 |   0.0
   Shoals:2 |    7901 |    1737 |  18.0 |      20 |       2 |   9.1
   Shoals:3 |   12176 |    8397 |  40.8 |      23 |       9 |  28.1
   Shoals:4 |    8676 |   24039 |  73.5 |      16 |      38 |  70.4
      Orc:1 |    2099 |    2052 |  49.4 |      28 |      23 |  45.1
      Orc:2 |    1075 |    5538 |  83.7 |      19 |      55 |  74.3
   Vaults:1 |   34468 |    1274 |   3.6 |      57 |       2 |   3.4
   Vaults:2 |    8677 |     217 |   2.4 |      12 |       1 |   7.7
   Depths:1 |   10074 |     786 |   7.2 |      13 |       1 |   7.1
            +---------+---------+-------+---------+---------+-------
